AoeStats
← Bunny

Black Forest

507519218Analyzed
2v2 RM · 13d ago on Sep 18, 2026· 69m 41s· 4 players
Game mode
Random Map
Map size
Medium (4 player)
Population
200
Speed
Normal
Resources
Standard
Victory
Conquest
Starting age
Dark Age
Ending age
Imperial Age
RankedLock teamsTeams togetherTeam positionsShared explorationLock speedFull tech treeHidden civsTurbo modeCheats
Victory
Defeat
🇨🇳 Poles · China
915
+12
🇺🇸 Spanish · United States
651
+23
🇵🇰 Bohemians · Pakistan
832
-18
🇪🇸 Huns · Spain
807
-17
Miguel el Económico
11:35 Feudal Age
12:07 Double-Bit Axe
13:05 Horse Collar
17:55 Wheelbarrow
17:22 Loom
18:29 Wheelbarrow
19:18 Scale Mail Armor
19:29 Forging
20:01 Stone Mining
20:09 Gold Mining
23:26 Castle Age
22:13 Scale Barding Armor
23:03 Bloodlines
24:46 Bow Saw
25:38 Gold Shaft Mining
25:08 Heavy Plow
25:40 Husbandry
25:30 Pikeman
27:16 Hand Cart
27:55 Marauders
30:11 Iron Casting
32:02 Chain Barding Armor
33:36 Caravan
37:53 Imperial Age
36:58 Chain Mail Armor
36:47 Squires
36:33 Arson
38:11 Halberdier
39:58 Blast Furnace
39:35 Plate Barding Armor
46:34 Two-Man Saw
47:14 Elite Tarkan
51:17 Conscription
Bunny
0:49 Loom
12:27 Feudal Age
13:05 Double-Bit Axe
13:05 Horse Collar
17:35 Wheelbarrow
22:20 Castle Age
23:25 Pikeman
24:37 Heavy Plow
24:49 Bow Saw
25:23 Squires
30:00 Caravan
34:28 Treadmill Crane
35:09 Ballistics
35:01 Fortified Wall
35:10 Fervor
37:11 Hand Cart
36:45 Town Watch
38:07 Chemistry
37:28 Fletching
41:10 Man-at-Arms
44:30 Imperial Age
42:08 Murder Holes
42:24 Masonry
43:24 Town Patrol
43:04 Long Swordsman
43:30 Arson
44:39 Halberdier
44:40 Two-Handed Swordsman
45:45 Conscription
44:52 Elite Hussite Wagon
44:59 Houfnice
45:01 Heavy Scorpion
45:06 Onager
48:11 Bombard Tower
49:56 Wagenburg Tactics
50:15 Bodkin Arrow
50:21 Padded Archer Armor
50:32 Forging
50:23 Scale Mail Armor
50:29 Scale Barding Armor
51:17 Sanctity
53:15 Champion
63:02 Two-Man Saw
62:39 Iron Casting
62:20 Chain Mail Armor
62:25 Chain Barding Armor
62:21 Leather Archer Armor
62:06 Bracer
Nacho
2:13 Loom
10:31 Feudal Age
10:55 Horse Collar
11:59 Double-Bit Axe
15:22 Wheelbarrow
16:07 Gold Mining
18:30 Stone Mining
23:43 Castle Age
22:04 Man-at-Arms
25:04 Hand Cart
25:08 Bow Saw
25:39 Stone Shaft Mining
25:11 Heavy Plow
25:35 Gambesons
25:51 Squires
25:36 Arson
28:51 Caravan
31:06 Herbal Medicine
32:23 Ballistics
32:36 Fletching
32:47 Padded Archer Armor
33:02 Thumb Ring
33:00 Husbandry
33:16 Bloodlines
33:42 Bodkin Arrow
37:54 Imperial Age
36:16 Leather Archer Armor
36:44 Scale Barding Armor
38:21 Elite Conquistador
40:14 Chemistry
38:37 Cavalier
40:11 Guilds
41:04 Bracer
41:41 Ring Archer Armor
43:18 Two-Man Saw
43:10 Block Printing
44:14 Redemption
44:15 Fervor
45:39 Chain Barding Armor
45:30 Forging
55:26 Bombard Tower
54:52 Arrowslits
55:03 Guard Tower
55:33 Fortified Wall
55:21 Murder Holes
58:21 Gambesons
58:36 Squires
58:22 Arson
59:25 Conscription
59:12 Inquisition
59:22 Long Swordsman
60:30 Herbal Medicine
61:03 Two-Handed Swordsman
61:55 Forging
61:46 Scale Mail Armor
64:21 Iron Casting
64:03 Chain Mail Armor
67:27 Blast Furnace
66:59 Plate Mail Armor
67:38 Champion
Rex Incognito
12:47 Feudal Age
16:39 Castle Age
14:35 Horse Collar
14:46 Double-Bit Axe
15:00 Horse Collar
17:27 Wheelbarrow
17:06 Loom
17:59 Wheelbarrow
18:08 Heavy Plow
18:21 Bow Saw
22:52 Hand Cart
22:49 Gold Mining
22:52 Stone Mining
27:21 Imperial Age
25:57 Szlachta Privileges
27:05 Scale Barding Armor
28:07 Bloodlines
27:58 Husbandry
28:20 Chain Barding Armor
28:36 Forging
28:37 Cavalier
31:24 Iron Casting
33:13 Caravan
35:01 Blast Furnace
42:21 Conscription
45:17 Crop Rotation
52:49 Fletching
53:00 Padded Archer Armor
53:52 Hoardings
61:34 Siege Engineers
62:31 Chemistry
61:51 Ballistics
67:02 Bodkin Arrow
69:00 Spies/Treason
Connection lost

Rejoining the realm…

Still unreachable

The connection could not be restored.

Session expired

The server has moved on; the page needs a fresh start.